 Dungeon Crawl Stone Soup version 0.30-a0-39-g42789b21ef (webtiles) character file.

Game seed: 9924280725395563279

77 porpoise the Poker (level 4, -1/37 HPs)
             Began as a Merfolk Gladiator on Aug 28, 2022.
             Slain by Crazy Yiuf
             ... wielding a +4 quarterstaff of chaos
              (11 damage)
             ... on level 2 of the Dungeon.
             The game lasted 00:04:45 (1420 turns).

porpoise the Poker (Merfolk Gladiator)              Turns: 1420, Time: 00:04:46

Health: -1/37      AC:  6    Str: 16    XL:     4   Next: 34%
Magic:  4/4        EV: 12    Int:  7    God:
Gold:   43         SH:  0    Dex: 15    Spells: 3/3 levels left

rFire   . . .      SeeInvis .    a - +0 trident
rCold   + . .      Faith    .    (no shield)
rNeg    . . .      Spirit   .    m - +0 ring mail
rPois   +          Reflect  .    o - +0 helmet
rElec   .          Harm     .    (no cloak)
rCorr   .          Rampage  .    (no gloves)
Will    .....                    (no boots)
Stlth   +.........               (no amulet)
HPRegen 0.12/turn                g - ring of protection from cold
MPRegen 0.09/turn                i - ring of poison resistance

@: lethally poisoned (-1 -> -11)
A: (nimble swimmer 2), mertail
a: no special abilities


You were on level 2 of the Dungeon.
You visited 1 branch of the dungeon, and saw 2 of its levels.

You collected 43 gold pieces.

Inventory:

Hand Weapons
 a - a +0 trident (weapon)
 b - a +0 sling
Missiles
 d - 2 throwing nets (quivered)
 e - a javelin
Armour
 m - a +0 ring mail (worn)
 o - a +0 helmet (worn)
Jewellery
 g - a ring of protection from cold (left hand)
 i - a ring of poison resistance (right hand)
Scrolls
 c - a scroll of fog {unknown}
 h - 3 scrolls of identify {unknown}
 k - a scroll of fear {unknown}
 p - a scroll of immolation {unknown}
Potions
 f - 2 potions of haste {unknown}
 j - a potion of heal wounds {unknown}
 l - a potion of curing {unknown}
 n - a potion of ambrosia {unknown}
 q - 2 potions of magic {unknown}


   Skills:
 + Level 3.7 Fighting
 + Level 5.5 Polearms
 - Level 2.0 Throwing
 - Level 4.0 Dodging


You had 3 spell levels left.
You didn't know any spells.
Your spell library contained the following spells:

 Spells                   Type           Power      Damage    Failure   Level
 Dazzling Flash           Conj/Hex       0%         N/A       95%         3
 Agony                    Necr           0%         N/A       100%        5
 Silence                  Hex/Air        0%         N/A       100%        5


Dungeon Overview and Level Annotations

Branches:
Dungeon (2/15)

Altars:

Annotations:
D:1 1 transporter
D:2 Crazy Yiuf


Innate Abilities, Weirdness & Mutations

((You are very nimble when in or above water. (Stealth+, EV+, Speed+++)))
Your lower body shifts to a powerful aquatic tail in water.


Message History

The slug dart misses you.
You hit the ball python but do no damage.
The ball python bites you. The ball python barely misses you.
You puncture the ball python!
You kill the ball python!
You reach to attack!
You hit the dart slug.
The dart slug is heavily wounded.
You reach to attack!
You puncture the dart slug!
You kill the dart slug!
No target in view!
HP restored.
q - 2 glowing inky potions
Found a hammer.
Found a runed translucent door.
You open the door. You hit Crazy Yiuf.
Crazy Yiuf is moderately wounded.
Crazy Yiuf hits you with a +4 quarterstaff of chaos!
You hit Crazy Yiuf.
Crazy Yiuf is heavily wounded.
Crazy Yiuf hits you but does no damage.
You hit Crazy Yiuf.
Crazy Yiuf is severely wounded.
Crazy Yiuf laughs, "Gnoll ragdoll tired!"
Crazy Yiuf barely misses you.
You hit Crazy Yiuf but do no damage.
Crazy Yiuf is severely wounded.
Crazy Yiuf hits you with a +4 quarterstaff of chaos.
Crazy Yiuf freezes you.
You hit Crazy Yiuf.
Crazy Yiuf is severely wounded.
Crazy Yiuf hits you with a +4 quarterstaff of chaos.
You are lethally poisoned!
You barely miss Crazy Yiuf.
Crazy Yiuf is severely wounded.
* * * LOW HITPOINT WARNING * * *
You feel very sick.
Crazy Yiuf says, "Crazy?
Crazy!?
PORCUPINE!"
Crazy Yiuf barely misses you.
Crazy Yiuf hits you with a +4 quarterstaff of chaos!
You die...

>).##... #.# #.#. .###
... #.#. .# . #... .#
###. .# ##### #. .###
#...# #. ...# ###
♣♣##...# #. ...#
#)..#♣♣ ♣♣P.....####.
...####
#...g@♣♣♣♣.P..........
......#
#...#♣..♣.PP..........
......# ###
♣♣♣.♣............
......#
♣♣♣♣♣##...####.
......# ##### #.
......# ########## #.
......# #........# #.
..##### #........# #.
..#######........#


You could see Crazy Yiuf.

Vanquished Creatures
  Terence (D:2)
  An adder (D:2)
  2 dart slugs
  2 bats (D:1)
  An endoplasm (D:1)
  4 giant cockroaches
  7 goblins
  3 hobgoblins
  4 kobolds
  A quokka (D:1)
  7 ball pythons
  A frilled lizard (D:1)
  2 rats (D:1)
36 creatures vanquished.

Notes
Turn   | Place    | Note
-------+----------+-------------------------------------------
     0 | D:1      | porpoise the Merfolk Gladiator began the quest for the Orb.
     0 | D:1      | Reached XP level 1. HP: 16/16 MP: 1/1
   354 | D:1      | Reached XP level 2. HP: 21/23 MP: 2/2
   556 | D:1      | Reached XP level 3. HP: 22/29 MP: 3/3
  1135 | D:2      | Noticed Terence
  1144 | D:2      | Killed Terence
  1145 | D:2      | Reached skill level 5 in Polearms
  1166 | D:2      | Reached XP level 4. HP: 35/35 MP: 4/4
  1410 | D:2      | Found a runed translucent door.
  1411 | D:2      | Noticed Crazy Yiuf
  1420 | D:2      | Slain by Crazy Yiuf

Illustrated notes

Levels and vault maps discovered:
D:1:      spicycebolla_arrival_transporter_tutorial, layout_loops_ring,
          minmay_misc_feat_rugged
D:2:      layout_basic, dreamdust_ecumenical_altar_angels_and_demons,
          uniq_crazy_yiuf_cottage, uniq_terence

Skill      XL: |  1  2  3 |
---------------+----------+-----
Fighting       | 3 |  3.7
Polearms       | 5 |  5.5
Throwing       | |  2.0
Dodging        | |  4.0

Action                   |  1- 3 |  4- 6 || total
-------------------------+-------+-------++-------
Melee: Trident           |    91 |    23 ||   114
       Punch             |     1 |       ||     1
 Fire: Sling             |       |     1 ||     1
Throw: Throwing net      |     1 |       ||     1
 Stab: Held in net/web   |     1 |       ||     1
Armor: Leather armour    |    18 |       ||    18
       Ring mail         |       |     6 ||     6
Dodge: Dodged            |    57 |     9 ||    66

Table legend: (Time is in decaauts)
 A = Elapsed time spent in this place.
 B = Non-inter-level travel time spent in this place.
 C = Inter-level travel time spent in this place.
 D = Time resting spent in this place.
 E = Time spent auto-exploring this place.
 F = Levels seen in this place.
 G = Mean time per level.
                   A        B        C        D        E       F      G
               +--------+--------+--------+--------+--------+-----+--------+
         Total |   1416 |   1385 |     31 |    254 |    824 |   2 |  708.0 |
       Dungeon |   1416 |   1385 |     31 |    254 |    824 |   2 |  708.0 |
               +--------+--------+--------+--------+--------+-----+--------+

Top non-repeatable levels by time:
     D:1: 1081 daAuts
     D:2: 334 daAuts
